MLB
TEXAS RANGERS @ CLEVELAND GUARDIANS
05/06/2098
 
TOP OF THE 1ST
Texas Rangers batting - Pitching for Cleveland Guardians : RHP Miguel Vera
Pitching: RHP Miguel Vera
Batting: SHB Luis Chavez 0-0: Swinging Strike
0-1: SOLO HOME RUN (Flyball, 78XD, EV 100.0 MPH), Distance : 390 ft
Batting: LHB Simeone DeVito 0-0: Swinging Strike
0-1: Ball
1-1: Called Strike
1-2: Ball
2-2: Foul Ball, location: 2F
2-2: Ball
3-2: Base on Balls
Batting: RHB Chris Patrick 0-0: Foul Ball, location: 5SF
0-1: Fly out, F8 (Flyball, 8LM, EV 95.0 MPH)
Batting: LHB Chris Temple 0-0: Called Strike
0-1: Swinging Strike
0-2: Strikes out looking
Batting: RHB Brian Ruble 0-0: Ball
1-0: Called Strike
1-1: Ball
2-1: SINGLE (Line Drive, 7LM, EV 85.0 MPH)
Simeone DeVito to second
Batting: LHB Nick Gunnels 0-0: Called Strike
0-1: Called Strike
0-2: Ball
1-2: Ball
2-2: Ball
3-2: Strikes out swinging
Top of the 1st over - 1 run, 2 hits, 0 errors, 2 left on base; Texas 1 - Cleveland 0
BOTTOM OF THE 1ST
Cleveland Guardians batting - Pitching for Texas Rangers : RHP Danny Bagwell
Pitching: RHP Danny Bagwell
Batting: RHB Chase Calhoun 0-0: Ball
1-0: Ground out 5-3 (Groundball, 56, EV 76.9 MPH)
Batting: LHB Matt Cleary 0-0: Foul Ball, location: 2F
0-1: Swinging Strike
0-2: Ball
1-2: Fly out, F4 (Line Drive, 4, EV 87.5 MPH)
Batting: RHB Barry Nicholson 0-0: Ball
1-0: Swinging Strike
1-1: Foul Ball, location: 5FF
1-2: Strikes out swinging
Bottom of the 1st over - 0 runs, 0 hits, 0 errors, 0 left on base; Texas 1 - Cleveland 0
TOP OF THE 2ND
Texas Rangers batting - Pitching for Cleveland Guardians : RHP Miguel Vera
Batting: RHB Josh Mehl 0-0: Ball
1-0: SINGLE (Groundball, 4MD, EV 98.1 MPH)
Batting: LHB Scott Spencer 0-0: Ball
1-0: Bunted foul
1-1: Sac Bunt to 15S - play at first, batter OUT! 1-3
Josh Mehl to second
Batting: RHB Chris Daly 0-0: Swinging Strike
0-1: Ball
1-1: Foul Ball, location: 9LSF
1-2: Strikes out swinging
Batting: SHB Luis Chavez 0-0: Ground out 2-3 (Groundball, 2L, EV 70.6 MPH)
Top of the 2nd over - 0 runs, 1 hit, 0 errors, 1 left on base; Texas 1 - Cleveland 0
BOTTOM OF THE 2ND
Cleveland Guardians batting - Pitching for Texas Rangers : RHP Danny Bagwell
Batting: LHB Jonathan Setzler 0-0: Ball
1-0: Ball
2-0: Swinging Strike
2-1: Called Strike
2-2: Fly out, F8 (Flyball, 8RD, EV 87.5 MPH)
Batting: LHB Dallas Ostrove 0-0: Swinging Strike
0-1: Fly out, F7 (Flyball, 7S, EV 85.0 MPH)
Batting: RHB Jimmy Murphey 0-0: Ball
1-0: Called Strike
1-1: Called Strike
1-2: Ball
2-2: Fly out, F7 (Flyball, 7LS, EV 93.1 MPH)
Bottom of the 2nd over - 0 runs, 0 hits, 0 errors, 0 left on base; Texas 1 - Cleveland 0
TOP OF THE 3RD
Texas Rangers batting - Pitching for Cleveland Guardians : RHP Miguel Vera
Batting: LHB Simeone DeVito 0-0: Called Strike
0-1: Ball
1-1: Ball
2-1: Ball
3-1: DOUBLE (Line Drive, 89D, EV 105.0 MPH)
Batting: RHB Chris Patrick 0-0: Foul Ball, location: 5F
0-1: Foul Ball, location: 9LSF
0-2: Ball
1-2: Ground out 5-3 (Groundball, 25, EV 94.4 MPH)
Batting: LHB Chris Temple 0-0: Ball
1-0: Foul Ball, location: 7LDF
1-1: Ball
2-1: Foul Ball, location: 2F
2-2: Ball
3-2: Fly out, F9 (Flyball, 9LM, EV 84.4 MPH)
Batting: RHB Brian Ruble 0-0: Called Strike
0-1: Ball
1-1: SINGLE (Groundball, 6MD, EV 105.0 MPH)
Simeone DeVito to third
Runner from 3rd tries for Home, SAFE, throw by CF to home
Batting: LHB Nick Gunnels 0-0: Ball
1-0: Foul Ball, location: 9LSF
1-1: Foul Ball, location: 2F
1-2: Foul Ball, location: 2RF
1-2: Strikes out looking
Top of the 3rd over - 1 run, 2 hits, 0 errors, 1 left on base; Texas 2 - Cleveland 0
BOTTOM OF THE 3RD
Cleveland Guardians batting - Pitching for Texas Rangers : RHP Danny Bagwell
Batting: RHB Ciro Visconti 0-0: Called Strike
0-1: Foul Ball, location: 9LSF
0-2: Strikes out swinging
Batting: RHB Chris Downs 0-0: Called Strike
0-1: Ball
1-1: Foul Ball, location: 9LDF
1-2: Ball
2-2: Foul Ball, location: 2F
2-2: SINGLE (Line Drive, 5D, EV 105.6 MPH)
Batting: RHB Chris Goacher 0-0: Called Strike
0-1: DOUBLE (Groundball, 5L, EV 96.9 MPH)
Chris Downs to third
Batting: RHB Chase Calhoun 0-0: Ball
1-0: Ball
2-0: Ball
3-0: Called Strike
3-1: Foul Ball, location: 2F
3-2: Foul Ball, location: 3SF
3-2: Fly out, F9 (Flyball, 89D, EV 83.8 MPH)
Runner from 3rd tags up, SCORES, throw by RF
Chris Goacher to third
Batting: LHB Matt Cleary 0-0: Ball
1-0: Foul Ball, location: 25F
1-1: Called Strike
1-2: Ball
2-2: Foul Ball, location: 9LMFF
2-2: Strikes out swinging
Bottom of the 3rd over - 1 run, 2 hits, 0 errors, 1 left on base; Texas 2 - Cleveland 1
TOP OF THE 4TH
Texas Rangers batting - Pitching for Cleveland Guardians : RHP Miguel Vera
Batting: RHB Josh Mehl 0-0: Ground out 4-3 (Groundball, 4, EV 82.5 MPH)
Batting: LHB Scott Spencer 0-0: Foul Ball, location: 2F
0-1: SINGLE (Groundball, 25, EV 74.4 MPH) (infield hit)
Batting: RHB Chris Daly 0-0: Called Strike
0-1: Grounds into double play, 5-4-3 (Groundball, 56S, EV 86.9 MPH)
Top of the 4th over - 0 runs, 1 hit, 0 errors, 0 left on base; Texas 2 - Cleveland 1
BOTTOM OF THE 4TH
Cleveland Guardians batting - Pitching for Texas Rangers : RHP Danny Bagwell
Batting: RHB Barry Nicholson 0-0: Swinging Strike
0-1: Called Strike
0-2: Ball
1-2: Ground out 6-3 (Groundball, 6, EV 82.5 MPH)
Batting: LHB Jonathan Setzler 0-0: Swinging Strike
0-1: Ground out 4-3 (Groundball, 4, EV 85.0 MPH)
Batting: LHB Dallas Ostrove 0-0: Foul Ball, location: 25F
0-1: Swinging Strike
0-2: Foul Ball, location: 2F
0-2: Ball
1-2: Foul Ball, location: 23F
1-2: Strikes out swinging
Bottom of the 4th over - 0 runs, 0 hits, 0 errors, 0 left on base; Texas 2 - Cleveland 1
TOP OF THE 5TH
Texas Rangers batting - Pitching for Cleveland Guardians : RHP Miguel Vera
Batting: SHB Luis Chavez 0-0: Called Strike
0-1: Called Strike
0-2: Ball
1-2: Ball
2-2: Ball
3-2: Foul Ball, location: 25F
3-2: Foul Ball, location: 3F
3-2: Base on Balls
Batting: LHB Simeone DeVito 0-0: Called Strike
0-1: Ball
Luis Chavez steals 2nd base
1-1: Foul Ball, location: 2F
1-2: Ball
2-2: Ball
3-2: Foul Ball, location: 7LDF
3-2: Base on Balls
Batting: RHB Chris Patrick 0-0: Foul Ball, location: 2F
0-1: Grounds into double play, 6-4-3 (Groundball, 6, EV 78.1 MPH)
Luis Chavez to third
Batting: LHB Chris Temple 0-0: Ball
1-0: Ball
2-0: Swinging Strike
2-1: SINGLE (Line Drive, 7S, EV 101.3 MPH)
Luis Chavez scores
Batting: RHB Brian Ruble 0-0: Called Strike
0-1: Ball
1-1: Foul Ball, location: 5SF
1-2: 2-RUN HOME RUN (Flyball, 8RXD, EV 107.5 MPH), Distance : 413 ft
Pitching: RHP Adam Bolle
Batting: LHB Nick Gunnels 0-0: Ball
1-0: Swinging Strike
1-1: Ground out U3 (Groundball, 34, EV 95.0 MPH)
Top of the 5th over - 3 runs, 2 hits, 0 errors, 0 left on base; Texas 5 - Cleveland 1
BOTTOM OF THE 5TH
Cleveland Guardians batting - Pitching for Texas Rangers : RHP Danny Bagwell
Batting: RHB Jimmy Murphey 0-0: Ball
1-0: Ball
2-0: Ball
3-0: Base on Balls
Batting: RHB Ciro Visconti 0-0: Called Strike
0-1: Fly out, F7 (Flyball, 7S, EV 82.5 MPH)
Batting: RHB Chris Downs 0-0: Grounds into double play, 5-4-3 (Groundball, 56S, EV 85.6 MPH)
Bottom of the 5th over - 0 runs, 0 hits, 0 errors, 0 left on base; Texas 5 - Cleveland 1
TOP OF THE 6TH
Texas Rangers batting - Pitching for Cleveland Guardians : RHP Adam Bolle
Batting: RHB Josh Mehl 0-0: Ball
1-0: Swinging Strike
1-1: Ball
2-1: Called Strike
2-2: SINGLE (Groundball, 3D, EV 98.8 MPH)
Batting: LHB Scott Spencer 0-0: Called Strike
0-1: Called Strike
0-2: Ball
1-2: DOUBLE (Line Drive, 89D, EV 106.9 MPH)
Josh Mehl to third
Batting: RHB Chris Daly 0-0: Ball
1-0: Foul Ball, location: 9LSF
1-1: Ball
2-1: Called Strike
2-2: Foul Ball, location: 3SF
2-2: Ground out 5-3 (Groundball, 56, EV 86.9 MPH)
Josh Mehl scores
Batting: SHB Luis Chavez 0-0: Foul Ball, location: 2F
0-1: Ball
1-1: Ball
2-1: SINGLE (Line Drive, 78S, EV 98.1 MPH)
Scott Spencer to third
Batting: LHB Simeone DeVito 0-0: Ball
1-0: Swinging Strike
1-1: Called Strike
1-2: Strikes out swinging
Batting: RHB Chris Patrick 0-0: Called Strike
0-1: Fielders Choice at 2nd, 5-4 (Groundball, 56, EV 88.8 MPH)
Top of the 6th over - 1 run, 3 hits, 0 errors, 2 left on base; Texas 6 - Cleveland 1
BOTTOM OF THE 6TH
Cleveland Guardians batting - Pitching for Texas Rangers : RHP Danny Bagwell
Batting: RHB Chris Goacher 0-0: Foul Ball, location: 2F
0-1: Fly out, F9 (Line Drive, 9S, EV 93.8 MPH)
Batting: RHB Chase Calhoun 0-0: Ball
1-0: Ball
2-0: Fly out, F4 (Popup, 4MS, EV 63.8 MPH)
Batting: LHB Matt Cleary 0-0: Foul Ball, location: 2F
0-1: Ball
1-1: Called Strike
1-2: Ground out 3-1 (Groundball, 34, EV 83.1 MPH)
Bottom of the 6th over - 0 runs, 0 hits, 0 errors, 0 left on base; Texas 6 - Cleveland 1
TOP OF THE 7TH
Texas Rangers batting - Pitching for Cleveland Guardians : RHP Adam Bolle
Batting: LHB Chris Temple 0-0: Ball
1-0: Ball
2-0: Foul Ball, location: 9LSF
2-1: Swinging Strike
2-2: Strikes out swinging
Batting: RHB Brian Ruble 0-0: Ball
1-0: Ball
2-0: Called Strike
2-1: Foul Ball, location: 9LSF
2-2: Strikes out swinging
Batting: LHB Nick Gunnels 0-0: Called Strike
0-1: Ball
1-1: Foul Ball, location: 2F
1-2: Foul Ball, location: 2F
1-2: Foul Ball, location: 23F
1-2: DOUBLE (Line Drive, 78D, EV 105.6 MPH)
Pitching: RHP Eddie Gonzalez
Batting: RHB Josh Mehl 0-0: Ground out 6-3 (Groundball, 6, EV 90.6 MPH)
Top of the 7th over - 0 runs, 1 hit, 0 errors, 1 left on base; Texas 6 - Cleveland 1
BOTTOM OF THE 7TH
Cleveland Guardians batting - Pitching for Texas Rangers : RHP Danny Bagwell
Batting: RHB Barry Nicholson 0-0: Ball
1-0: Ball
2-0: Called Strike
2-1: Ball
3-1: Swinging Strike
3-2: Base on Balls
Batting: LHB Jonathan Setzler 0-0: Ball
1-0: Called Strike
1-1: Fly out, F3 (Popup, 3SF, EV 70.0 MPH)
Batting: LHB Dallas Ostrove 0-0: Ball
1-0: DOUBLE (Flyball, 78XD, EV 109.4 MPH)
Barry Nicholson to third
Batting: RHB Jimmy Murphey 0-0: Ball
1-0: Called Strike
1-1: Ball
2-1: SINGLE (Groundball, 6D, EV 103.1 MPH)
Barry Nicholson scores
Dallas Ostrove to third
Pitching: RHP Victor Luna
Pinch Hitting: SHB Jose Agramonte 0-0: Foul Ball, location: 9LMFF
0-1: Ball
1-1: Fly out, F8 (Flyball, 8LM, EV 89.4 MPH)
Runner from 3rd tags up, SCORES, throw by CF
Batting: RHB Chris Downs 0-0: Called Strike
0-1: Foul Ball, location: 3F
0-2: Strikes out swinging
Bottom of the 7th over - 2 runs, 2 hits, 0 errors, 1 left on base; Texas 6 - Cleveland 3
TOP OF THE 8TH
Texas Rangers batting - Pitching for Cleveland Guardians : RHP Eddie Gonzalez
Now in RF: Jose Agramonte
Batting: LHB Scott Spencer 0-0: Ball
1-0: Called Strike
1-1: Ball
2-1: SINGLE (Line Drive, 7S, EV 109.4 MPH)
Batting: RHB Chris Daly 0-0: Ball
1-0: Ball
2-0: Called Strike
2-1: Ball
3-1: Foul Ball, location: 5F
3-2: Base on Balls
Scott Spencer to second
Batting: SHB Luis Chavez 0-0: Ball
1-0: Foul Ball, location: 2F
1-1: Swinging Strike
1-2: Ball
2-2: Single, Error in OF, E9, batter to second base (Line Drive, 9S, EV 90.0 MPH)
Scott Spencer scores
Chris Daly to third
Batting: LHB Simeone DeVito 0-0: Foul Ball, location: 2F
0-1: Swinging Strike
0-2: Foul Ball, location: 2F
0-2: Ground out U3 (Groundball, 34S, EV 84.4 MPH)
Batting: RHB Chris Patrick 0-0: Ball
1-0: Ball
2-0: Fly out, F9 (Line Drive, 9S, EV 93.1 MPH)
Runner from 3rd tags up, SCORES, throw by RF
Luis Chavez to third
Batting: LHB Chris Temple 0-0: Ball
1-0: Ball
2-0: Foul Ball, location: 2F
2-1: Swinging Strike
2-2: Strikes out swinging
Top of the 8th over - 2 runs, 2 hits, 1 error, 1 left on base; Texas 8 - Cleveland 3
BOTTOM OF THE 8TH
Cleveland Guardians batting - Pitching for Texas Rangers : RHP Victor Luna
Batting: RHB Chris Goacher 0-0: Called Strike
0-1: Ball
1-1: Fly out, F9 (Flyball, 9S, EV 93.1 MPH)
Batting: RHB Chase Calhoun 0-0: Ball
1-0: Ball
2-0: Called Strike
2-1: Ground out 6-3 (Groundball, 6, EV 85.0 MPH)
Batting: LHB Matt Cleary 0-0: Ball
1-0: Called Strike
1-1: Ground out 4-3 (Groundball, 4, EV 86.9 MPH)
Bottom of the 8th over - 0 runs, 0 hits, 0 errors, 0 left on base; Texas 8 - Cleveland 3
TOP OF THE 9TH
Texas Rangers batting - Pitching for Cleveland Guardians : RHP Eddie Gonzalez
Batting: RHB Brian Ruble 0-0: Foul Ball, location: 2F
0-1: Fly out, F8 (Flyball, 8RD, EV 100.6 MPH)
Batting: LHB Nick Gunnels 0-0: Called Strike
0-1: Swinging Strike
0-2: Foul Ball, location: 2F
0-2: Ball
1-2: Ball
2-2: Fly out, F9 (Flyball, 9, EV 86.9 MPH)
Pitching: RHP Greg Hernandez
Batting: RHB Josh Mehl 0-0: Ball
1-0: SINGLE (Line Drive, 4D, EV 97.5 MPH)
Batting: LHB Scott Spencer Pickoff Throw to First - Error! E1
Josh Mehl to second
0-0: Ball
1-0: Ball
2-0: DOUBLE (Line Drive, 78D, EV 103.1 MPH)
Josh Mehl scores
Batting: RHB Chris Daly 0-0: Ball
1-0: Foul Ball, location: 5F
1-1: Ball
2-1: Called Strike
2-2: Ball
3-2: Base on Balls
Batting: SHB Luis Chavez 0-0: Foul Ball, location: 7LDF
0-1: Fly out, F7 (Flyball, 7LSF, EV 105.0 MPH)
Top of the 9th over - 1 run, 2 hits, 1 error, 2 left on base; Texas 9 - Cleveland 3
BOTTOM OF THE 9TH
Cleveland Guardians batting - Pitching for Texas Rangers : RHP Victor Luna
Batting: RHB Barry Nicholson 0-0: SINGLE (Line Drive, 8RS, EV 90.0 MPH)
Batting: LHB Jonathan Setzler 0-0: Ball
1-0: Foul Ball, location: 23F
1-1: Foul Ball, location: 2F
1-2: Ball
2-2: Foul Ball, location: 2F
2-2: Strikes out swinging
Pitching: RHP Arturo Segura
Batting: LHB Dallas Ostrove 0-0: Ball
1-0: Ball
2-0: Swinging Strike
2-1: Fly out, F8 (Line Drive, 78M, EV 90.6 MPH)
Batting: RHB Jimmy Murphey 0-0: Called Strike
0-1: Fly out, F7 (Flyball, 7S, EV 96.3 MPH)
Bottom of the 9th over - 0 runs, 1 hit, 0 errors, 1 left on base; Texas 9 - Cleveland 3
Wednesday, April 3rd , 2024 - OOTP Baseball 24.11 Build 85